 Dungeon Crawl Stone Soup version 0.29-a0-330-g52719c12eb (webtiles) character file.

Game seed: 15793577059890490765

239 bande the Covered (level 6, -11/38 HPs)
             Began as a Gargoyle Fighter on Apr 12, 2022.
             Mangled by an ogre
             ... wielding a +0 giant spiked club
              (18 damage)
             ... on level 5 of the Dungeon.
             The game lasted 00:05:44 (3369 turns).

bande the Covered (Gargoyle Fighter)                Turns: 3369, Time: 00:05:45

Health: -11/38     AC: 17    Str: 19    XL:     6   Next: 7%
Magic:  6/6        EV:  7    Int:  9    God:
Gold:   54         SH:  4    Dex: 11    Spells: 5/5 levels left

rFire   . . .      SeeInvis .   a - +1 war axe
rCold   . . .      Faith    .   c - +0 buckler
rNeg    + . .      Spirit   .   s - +0 chain mail
rPois   ∞          Reflect  .   (no helmet)
rElec   +          Harm     .   (no cloak)
rCorr   .          Rampage  .   (no gloves)
Will    .....                   f - +2 pair of boots {Stlth+}
Stlth   ..........              (no amulet)
HPRegen 0.12/turn               (no ring)
MPRegen 0.10/turn               (no ring)

@: no status effects
A: sickness immunity, AC +4, negative energy resistance 1, electricity
resistance, torment resistance 1, petrification resistance
a: no special abilities


You were on level 5 of the Dungeon.
You visited 1 branch of the dungeon, and saw 5 of its levels.

You collected 234 gold pieces.
You spent 180 gold pieces at shops.

Inventory:

Hand Weapons
 a - a +1 war axe (weapon)
 i - a +0 flail
Armour
 c - a +0 buckler (worn)
 f - a +2 pair of boots of stealth (worn)
 s - a +0 chain mail (worn)
Jewellery
 g - an amulet of the acrobat
Scrolls
 h - 6 scrolls of teleportation
 m - a scroll of identify
 p - a scroll of fog
Potions
 b - 2 potions of haste
 d - a potion of might
 e - 2 potions of curing
 k - 2 potions of cancellation
 l - 3 potions of heal wounds
 q - a potion of invisibility


   Skills:
 + Level 4.1 Fighting
 + Level 4.1 Axes
 + Level 4.2 Armour
 + Level 4.1 Shields


You had 5 spell levels left.
You didn't know any spells.
Your spell library contained the following spells:

 Spells                   Type           Power      Damage    Failure   Level
 Blink                    Tloc           0%         N/A       100%        2
 Ensorcelled Hibernation  Hex/Ice        0%         N/A       100%        2
 Passwall                 Tmut/Erth      0%         N/A       100%        2
 Lesser Beckoning         Tloc           0%         N/A       100%        3
 Swiftness                Air            0%         N/A       100%        3
 Manifold Assault         Tloc           0%         N/A       100%        5


Dungeon Overview and Level Annotations

Branches:
Dungeon (5/15)             Temple (0/1) D:5

Altars:
Qazlal
Trog
Wu Jian
The Shining One

Shops:
D:3 [   D:4 *


Innate Abilities, Weirdness & Mutations

You are immune to sickness and miasma.
Your stone body is resilient. (AC +4)
You are immune to poison.
You resist negative energy. (rN+)
You are resistant to electric shocks. (rElec)
You are resistant to unholy torment.
You are immune to petrification.


Message History

The orc hits you but does no damage.
Items here: )) [[ †††.
You closely miss the orc.
The orc is severely wounded.
The orc closely misses you. The orc hits you but does no damage.
You slash the orc!
You kill the orc!
Things that are here:
a +0 short sword; a +0 leather armour
Items here: )) [[ †††.
Items here: )) [[ †††.
Okay, then.
As you read the scroll of magic mapping, it crumbles to dust.
You feel aware of your surroundings.
You sensed 1 shop/portal.
Why would you want to do that? Why would you want to do that?
Unknown command.
You enter the shallow water.
Moving in this stuff is going to be slow.
Found a stone staircase leading up.
An ogre comes into view. It is wielding a +0 giant spiked club.
You hear the slow rusting of a drain nearby.
The ogre shouts!
You hit the ogre.
The ogre is lightly wounded.
A ball python comes into view.
The ogre hits you with a +0 giant spiked club!!
Ouch! That really hurt!
You barely miss the ogre.
The ogre is lightly wounded.
The ball python hisses angrily.
The ogre barely misses you.
You slash the ogre!
The ogre is moderately wounded.
The ogre hits you with a +0 giant spiked club!
* * * LOW HITPOINT WARNING * * *
You hit the ogre.
The ogre is heavily wounded.
The ogre hits you with a +0 giant spiked club!!
You die...

,,,,,,,,,,,,,,,**,**,,,,,,,,,,,**
,,,,,,,,,,,,*,,,,,##....,,,,,,,**
,,,,,,*,,,,****,,,......,,,,,,,,,
,,,,,**,,,** ***,..#...,,,,,,,,,
*,,,,....** *#<.....,,,,,,,,,
*,,,,....#* *.......,,,,,,,,,
,,****#...* ##.......,,,,,**,,
,,* *#..#* #OS......,,,,***** ,,*
*#..#####@.#*,,.,,,,,* * ,,**
#....##..###...,,,,** ,,,**
*#..............,,,*** * ,,,,****
#.............#,,,,,****
,,,,,..####......#######*,,,,,,,,
*,,,,..........### *,,,,**,,
**,,,...........# *,,****,,
*,,*#.....≈.≈≈≈## *,,* **,,
**,,..♣..≈....♣≈# *,** *,,,


You could see an ogre and a ball python.

Vanquished Creatures
  An orc priest (D:4)
  An iguana (D:4)
  Jessica (D:2)
  An orc wizard (D:4)
  5 adders
  2 ufetubi
  A dart slug (D:4)
  A worm (D:4)
  5 orcs
  5 endoplasms
  4 giant cockroaches
  8 goblins
  3 hobgoblins
  4 jackals
  2 quokkas
  9 ball pythons
  5 bats
  A frilled lizard (D:3)
  3 kobolds
  11 rats
73 creatures vanquished.

Notes
Turn   | Place    | Note
-------+----------+-------------------------------------------
     0 | D:1      | bande the Gargoyle Fighter began the quest for the Orb.
     0 | D:1      | Reached XP level 1. HP: 14/14 MP: 1/1
   165 | D:1      | Reached XP level 2. HP: 19/19 MP: 2/2
   246 | D:1      | Reached XP level 3. HP: 10/23 MP: 3/3
   935 | D:2      | Noticed Jessica
   943 | D:2      | Killed Jessica
   944 | D:2      | Reached XP level 4. HP: 14/29 MP: 4/4
  1880 | D:3      | Reached XP level 5. HP: 31/33 MP: 5/5
  1920 | D:3      | Found an ornate altar of the Wu Jian Council.
  1950 | D:3      | Found Geibb's Antique Armour Shop.
  1955 | D:3      | Bought a pair of runed boots for 180 gold pieces
  1992 | D:3      | Found a glowing golden altar of the Shining One.
  2003 | D:3      | Found a stormy altar of Qazlal.
  3082 | D:4      | Found Kaetwe Dics's CLEARANCE SALE!.
  3097 | D:4      | Found a bloodstained altar of Trog.
  3294 | D:4      | Reached XP level 6. HP: 38/38 MP: 6/6
  3316 | D:5      | Entered Level 5 of the Dungeon
  3369 | D:5      | Mangled by an ogre

Illustrated notes

Levels and vault maps discovered:
D:1:      dpeg_arrival_tiny_k, layout_rooms, nicolae_figureground_sparkle
D:2:      layout_basic, uniq_jessica
D:3:      layout_rooms, nzn_wu_jian_contemplation, nicolae_overflow_squiral,
          serial_shops, nicolae_shop_crystal
D:4:      layout_basic, mainiacjoe_overflow_alcove_1, nicolae_shop_clearance
D:5:      layout_layer_cave, minmay_temple_entry_nine_rooms,
          cheibrodos_sewer_entry_drain, dk_vineyard_3,
          chequers_serial_rivers_marsh, uniq_edmund

Skill      XL: |  1  2  3  4  5 |
---------------+----------------+-----
Axes           | 2 3 4 |  4.1
Shields        | 4 |  4.1
Armour         | 4 |  4.2
Fighting       | 4 |  4.1

Action                   |  1- 3 |  4- 6 || total
-------------------------+-------+-------++-------
Melee: War axe           |    88 |    90 ||   178
  Use: Scroll            |       |    18 ||    18
Armor: Scale mail        |    68 |     2 ||    70
       Chain mail        |       |    66 ||    66
Dodge: Dodged            |    66 |    44 ||   110
Block: Buckler           |    36 |    23 ||    59

Table legend: (Time is in decaauts)
 A = Elapsed time spent in this place.
 B = Non-inter-level travel time spent in this place.
 C = Inter-level travel time spent in this place.
 D = Time resting spent in this place.
 E = Time spent auto-exploring this place.
 F = Levels seen in this place.
 G = Mean time per level.
                   A        B        C        D        E       F      G
               +--------+--------+--------+--------+--------+-----+--------+
         Total |   3439 |   3342 |     97 |    559 |   2193 |   5 |  687.8 |
       Dungeon |   3439 |   3342 |     97 |    559 |   2193 |   5 |  687.8 |
               +--------+--------+--------+--------+--------+-----+--------+

Top non-repeatable levels by time:
     D:4: 1065 daAuts
     D:2: 860 daAuts
     D:1: 782 daAuts
     D:3: 673 daAuts
     D:5: 57 daAuts
